 Dungeon Crawl Stone Soup version 0.27.1-34-g3ba077fa99 (console) character file.

Game seed: 7175042301032016760

210663 toffzen the Warrior (level 18, -1/131 HPs)
             Began as a Gargoyle Berserker on Jan 20, 2022.
             Was a High Priest of Trog.
             Killed from afar by a green death (5 damage)
             ... with a poison arrow
             ... summoned by a deep elf demonologist
             ... on level 1 of the Elven Halls on Jan 26, 2022.
             The game lasted 01:27:44 (42663 turns).

toffzen the Warrior (Gargoyle Berserker)           Turns: 42663, Time: 01:27:44

Health: -1/131     AC: 34    Str: 24    XL:     18   Next: 86%
Magic:  18/18      EV: 12    Int:  4    God:    Trog [*****.]
Gold:   1505       SH: 19    Dex: 20    Spells: 17/17 levels left

rFire    + + .     SeeInvis .   b - +10 morningstar {vorpal, rF+ rC+}
rCold    + + .     Faith    .   y - +0 tower shield of Indomitability {Slay+6}
rNeg     + . .     Spirit   .   A - +0 plate armour
rPois    ∞         Reflect  .   t - +0 hat
rElec    +         Harm     .   M - scarf {rC+ rF+}
rCorr    .         Rampage  .   G - +0 pair of gloves
Will     +++++     NoTele   +   (no boots)
Stlth    ..........             j - amulet "Tynuddih" {RegenMP -Tele rPois Will+++ Int-4}
HPRegen  1.31/turn              f - +4 ring of protection
MPRegen  0.41/turn              K - +6 ring of dexterity

@: strong-willed, on berserk cooldown, flying, regenerating, slowed, very slow
A: sickness immunity, AC +13, big wings, negative energy resistance 1,
electricity resistance, torment resistance 1, petrification resistance
}: 1/15 runes: gossamer
a: Renounce Religion, Berserk, Trog's Hand, Brothers in Arms


You were on level 1 of the Elven Halls.
You worshipped Trog.
Trog was extremely pleased with you.
You visited 5 branches of the dungeon, and saw 28 of its levels.
You visited the Abyss 2 times.

You collected 2645 gold pieces.
You spent 1140 gold pieces at shops.

Inventory:

Hand Weapons
 a - the +10 morningstar "Eos" {elec, Halo rElec}
   (You found it on level 6 of the Lair of Beasts)

   It occasionally discharges a powerful burst of electricity upon striking a
   foe.
   It grants its wielder a halo, increasing accuracy against those within it.
   rElec:     It insulates you from electricity.
 b - the +10 morningstar of Ruination (weapon) {vorpal, rF+ rC+}
   (Trog gifted it to you on level 2 of the Spider Nest)

   It inflicts extra damage upon your enemies.
   rF:        It protects you from fire.
   rC:        It protects you from cold.
 x - a +1 eveningstar of draining
 z - a +4 antimagic demon whip
 F - the +6 hunting sling "Nucuz" {venom, rPois rC- rN+ Str+2}
   (You took it off an orc on level 8 of the Dungeon)

   Any ammunition fired from it poisons the flesh of those it strikes.
   Str:       It affects your strength (+2).
   rC:        It makes you vulnerable to cold.
   rPois:     It protects you from poison.
   rN:        It protects you from negative energy.
 T - a +1 morningstar of flaming
 V - the +5 trident "Jafy" {antimagic, rElec rN+ Int+3}
   (You found it on level 6 of the Lair of Beasts)

   It reduces the magical energy of the wielder, and disrupts the spells and
   magical abilities of those it strikes.
   Natural abilities and divine invocations are not affected.
   Int:       It affects your intelligence (+3).
   rElec:     It insulates you from electricity.
   rN:        It protects you from negative energy.
Missiles
 v - 778 stones (quivered)
 W - 6 throwing nets
Armour
 t - a +0 hat (worn)
 y - the +0 tower shield of Indomitability (worn) {Slay+6}
   (You took it off Louise on level 1 of the Spider Nest)

   Slay:      It affects your accuracy & damage with ranged weapons and melee
   (+6).
 A - a +0 plate armour (worn)
 G - a +0 pair of gloves (worn)
 L - the +3 hat of Pondering {ponderous, Will+ MP+10 Int+5}
   (You took it off Gastronok on level 2 of the Lair of Beasts)

   Int:       It affects your intelligence (+5).
   MP:        It affects your magic capacity (+10).
   Will:      It increases your willpower.
 M - a scarf of resistance (worn)
Jewellery
 c - the ring of Xirelal {Fly rPois Will+}
   (You bought it in a shop on level 2 of the Orcish Mines)

   [ring of flight]

   rPois:     It protects you from poison.
   Fly:       It grants you flight.
   Will:      It increases your willpower.
 f - a +4 ring of protection (left hand)
 j - the amulet "Tynuddih" (around neck) {RegenMP -Tele rPois Will+++ Int-4}
   (You bought it in a shop on level 1 of the Elven Halls)

   [amulet of magic regeneration]

   It increases your rate of magic regeneration.
   Int:       It affects your intelligence (-4).
   rPois:     It protects you from poison.
   -Tele:     It prevents most forms of teleportation.
   Will:      It greatly increases your willpower.
 n - a ring of protection from cold
 o - an amulet of reflection
 K - a +6 ring of dexterity (right hand)
 N - a ring of ice
 S - an amulet of guardian spirit
Wands
 u - a wand of iceblast (23)
 w - a wand of acid (33)
 D - a wand of flame (70)
 I - a wand of digging (7)
Scrolls
 d - 8 scrolls of enchant armour
 h - 3 scrolls of noise
 i - 2 scrolls of holy word
 q - 10 scrolls of teleportation
 r - 4 scrolls of torment
 H - 3 scrolls of magic mapping
 J - 5 scrolls of fog
 P - a scroll of identify
Potions
 e - 10 potions of curing
 g - 7 potions of heal wounds
 m - 9 potions of might
 p - 4 potions of haste
 s - 5 potions of lignification
 C - 7 potions of mutation
 Q - 3 potions of berserk rage
 R - a potion of resistance


   Skills:
 * Level 20.5 Fighting
 + Level 14.4 Maces & Flails
 + Level 12.4 Armour
 + Level 13.2 Dodging
 + Level 11.2 Shields


You had 17 spell levels left.
You didn't know any spells.
Your spell library was empty.

Dungeon Overview and Level Annotations

Branches:
Dungeon (15/15)            Temple (0/1) D:5            Lair (6/6) D:9
 Shoals (0/4) Lair:2       Spider (4/4) Lair:4        Slime (0/5) Lair:5
    Orc (2/2) D:10            Elf (1/3) Orc:2        Vaults (0/5) D:13
 Depths (0/5) D:15

Altars:
Cheibriados
Dithmenos
Kikubaaqudgha
Makhleb
Nemelex Xobeh
Okawaru
Qazlal
Sif Muna
Uskayaw
Vehumet
Wu Jian
Xom
Yredelemnul
The Shining One
Jiyva

Shops:
D:6 ?[![   D:11 (   D:12 *   D:14 (   Orc:2 =*[[(   Elf:1 =

Portals:
Trove: D:10 (give 7 scrolls of fear)

Annotations:
D:12 1 runed translucent door, OdinelGallardo's ghost, journeyman TrMo
Lair:3 1 runed translucent door, mavignon's ghost, journeyman DDBe
Lair:4 exclusion: 2 oklob plants


Innate Abilities, Weirdness & Mutations

You are immune to sickness and miasma.
Your stone body is resilient. (AC +13)
You are immune to poison.
Your large and strong wings let you fly.
You resist negative energy. (rN+)
You are resistant to electric shocks. (rElec)
You are resistant to unholy torment.
You are immune to petrification.


Message History

The +3 war axe of freezing hits you!
* * * LOW HITPOINT WARNING * * *
The +3 war axe of freezing hits your stone giant.
The +3 war axe of freezing freezes your stone giant.
The Ice Fiend claws you but does no damage.
The Ice Fiend claws you!
* * * LOW HITPOINT WARNING * * *
The Ice Fiend freezes you! You resist.
* * * LOW HITPOINT WARNING * * *
The deep elf zephyrmancer gestures wildly while chanting.
The deep elf zephyrmancer blinks!
As you read the scroll of fear, it crumbles to dust.
You assume a fearsome visage.
The Ice Fiend is unaffected.
The hellwing is unaffected.
The ice devil is unaffected.
The +3 war axe of freezing is unaffected.
The orc looks frightened!
The green death is unaffected.
The deep elf archer easily resists.
The deep elf archer looks frightened!
The deep elf demonologist easily resists.
The deep elf archer resists with some effort.
The orc looks frightened!
The deep elf archer looks frightened!
The deep elf archer seems less brilliant.
Your stone giant misses the +3 war axe of freezing.
You block the +3 war axe of freezing's attack.
The +3 war axe of freezing hits your stone giant!!
The +3 war axe of freezing freezes your stone giant.
The green death gestures at you. The poison arrow hits you!
You partially resist.
* * * LOW HITPOINT WARNING * * *
The deep elf archer blinks!
You block the hellwing's attack.
The hellwing hits you but does no damage.
The deep elf demonologist mumbles some strange words.
Your stone giant hits the +3 war axe of freezing!!!
The +3 war axe of freezing falls from the air.
Trog accepts your kill.
The deep elf archer blinks!
The Ice Fiend claws you but does no damage.
You block the Ice Fiend's attack. The green death gestures at you.
The poison arrow hits you. You partially resist.
You die...

#.######## ##...####.#
#.### #......... #...#
##.#####.# ###.# #.#
###.###### ##'## #
.........# ##...##.#
.#...###.###.....#C#
..###..#.##......4#2#
.## ##.#.#...o.)@ee#
)# #.).'.....142.# .##
##.#.#......§§e#
))###..#.##...o....'.
.........###.....#.'e.
####.#####
##...##.#..# #.# ##'#
§'...e #.# #e# .'....
#.# #######.#


You could see an Ice Fiend (summoned), a green death (summoned), a deep elf
demonologist, 4 deep elf archers, a hellwing (summoned), an ice devil
(summoned), a deep elf zephyrmancer (empowered), a tormentor (summoned), 2 orcs
and a friendly stone giant (summoned, berserk).

Vanquished Creatures
  A lich (Abyss:2)
  2 tentacled starspawn (Abyss:2)
  A storm dragon (D:14)
  Gastronok (Lair:2)
  An orc warlord (Orc:2)
  2 ghost moths
  Louise (Spider:1)
  3 emperor scorpions (Spider:3)
  A stone giant (D:15)
  A deep elf demonologist (Elf:1)
  An entropy weaver (Spider:3)
  4 spark wasps
  A deep elf death mage (Elf:1)
  Harold (D:11)
  A deep elf high priest (Elf:1)
  10 hydras
  3 boulder beetles
  Erolcha (D:12)
  3 catoblepae
  4 vault guards (D:13)
  Erica (D:9)
  9 centaur warriors
  A merfolk avatar (Lair:6)
  A death knight (D:13)
  3 two-headed ogres
  19 death yaks
  4 tengu warriors
  2 dancing weapons (Elf:1)
  A thrashing horror (Abyss:2)
  4 orc high priests
  A deep elf knight (Elf:1)
  2 wretched stars (Abyss:2)
  2 sea snakes
  2 deep elf archers
  A wizard (D:13)
  4 orc knights
  21 orb spiders
  15 ugly things
  7 deep elf pyromancers
  6 deep elf zephyrmancers (Elf:1)
  26 wolf spiders
  6 orc sorcerers
  2 moths of wrath
  A black mamba (shapeshifter) (D:13)
  4 elephants (Lair:5)
  4 cyclopes
  A worldbinder (Elf:1)
  Maurice (D:11)
  5 black mambas
  8 cane toads
  A torpor snail (Lair:5)
  4 efreet
  7 rime drakes
  An unseen horror (D:13)
  A freezing wraith (D:15)
  Maggie (D:6)
  A guardian mummy (D:10)
  2 tengu conjurers
  15 demonic crawlers
  15 komodo dragons
  2 yaktaurs
  5 trolls
  3 polar bears
  41 jumping spiders
  4 dream sheep (Lair:5)
  2 raiju (Abyss:2)
  24 blink frogs
  10 hornets
  Sigmund (D:3)
  75 redbacks
  A ynoxinul (Abyss:2)
  A centaur simulacrum (D:15)
  16 tarantellas
  3 shadows
  2 large abominations (Abyss:2)
  2 water elementals (Elf:1)
  2 wraiths
  6 wyverns
  A steam dragon (Lair:6)
  4 basilisks
  50 yaks
  Grum (D:11)
  2 fire elementals (Elf:1)
  11 vampire mosquitoes
  A chaos spawn (Abyss:2)
  4 small abominations (Abyss:2)
  2 wargs
  14 water moccasins
  A hornet zombie (D:7)
  Purgy (D:3)
  2 ice beasts (D:7)
  2 sky beasts (D:7)
  4 necrophages
  5 ogres
  30 orc warriors
  3 black bears
  6 wolves
  15 centaurs
  4 phantoms
  4 kobold brigands
  2 gnoll sergeants
  9 bullfrogs
  8 scorpions
  A water moccasin zombie (D:5)
  5 troll zombies (D:10)
  A water moccasin skeleton (D:5)
  2 electric eels (D:8)
  6 wights
  3 howler monkeys
  4 centaur zombies
  2 hounds
  2 bullfrog zombies (D:7)
  A human zombie (D:7)
  4 jellies
  2 bullfrog skeletons
  2 gnoll shamans
  22 orc priests
  Natasha (thrice) (D:3)
  4 iguanas
  25 orc wizards
  3 killer bee zombies
  3 ogre zombies (D:10)
  2 mummies (D:7)
  A hound skeleton (D:4)
  A howler monkey zombie (D:7)
  17 gnolls
  10 adders
  A shadow imp (D:8)
  4 white imps
  A worm (D:3)
  A dart slug (D:1)
  74 orcs
  7 ball pythons
  6 endoplasms
  12 giant cockroaches (D:2)
  10 hobgoblins
  3 jackals (D:1)
  A quokka (D:4)
  6 bats
  3 frilled lizards
  6 goblins
  2 goblin skeletons (D:10)
  A goblin zombie (D:10)
  2 hobgoblin skeletons (D:10)
  3 hobgoblin zombies (D:10)
  14 kobolds
  2 orc skeletons (D:10)
  15 orc zombies (D:10)
  A quokka skeleton (D:3)
  3 rats (D:1)
945 creatures vanquished.

Vanquished Creatures (collateral kills)
  A dancing weapon (Elf:1)
1 creature vanquished.

Vanquished Creatures (others)
  A deep elf pyromancer (D:14)
  A black bear (D:5)
  A human (D:3)
  A bullfrog (D:5)
  A scorpion (D:5)
  A hound (D:5)
  A centaur skeleton (D:5)
  An orc priest (Orc:2)
  An adder (D:5)
  5 orcs
  28 fungi
  61 plants
  4 starspawn tentacles (Abyss:2)
107 creatures vanquished.

Grand Total: 1053 creatures vanquished

Notes
Turn   | Place    | Note
-------+----------+-------------------------------------------
     0 | D:1      | toffzen the Gargoyle Berserker began the quest for the Orb.
     0 | D:1      | Reached XP level 1. HP: 14/14 MP: 1/1
   131 | D:1      | Reached XP level 2. HP: 8/19 MP: 2/2
   693 | D:1      | Reached XP level 3. HP: 23/23 MP: 3/3
  1061 | D:1      | Reached ** piety under Trog
  2076 | D:3      | Noticed a phantom
  2111 | D:3      | Reached XP level 4. HP: 29/29 MP: 4/4
  2120 | D:3      | Noticed Purgy
  2134 | D:3      | Killed Purgy
  2135 | D:3      | Reached skill level 4 in Fighting
  2135 | D:3      | Reached XP level 5. HP: 33/33 MP: 5/5
  2192 | D:3      | Found a faded altar of an unknown god.
  2240 | D:3      | You fall into a shaft and drop 3 floors!
  2244 | D:5      | Entered Level 5 of the Dungeon
  2335 | D:3      | Killed a phantom
  2336 | D:3      | Reached XP level 6. HP: 39/39 MP: 6/6
  2435 | D:3      | Noticed Natasha
  2443 | D:3      | Killed Natasha
  2662 | D:3      | Noticed Sigmund
  2672 | D:3      | Killed Sigmund
  2673 | D:3      | Reached skill level 5 in Maces & Flails
  2673 | D:3      | Reached XP level 7. HP: 44/44 MP: 7/7
  2923 | D:3      | Noticed Natasha
  2929 | D:3      | Killed Natasha
  3092 | D:3      | Noticed Natasha
  3102 | D:3      | Killed Natasha
  3143 | D:3      | Found an ancient bone altar of Kikubaaqudgha.
  3161 | D:3      | Noticed a human
  3164 | D:3      | Killed a human
  3307 | D:4      | Reached skill level 5 in Fighting
  3521 | D:4      | Reached *** piety under Trog
  4216 | D:5      | Reached XP level 8. HP: 50/50 MP: 8/8
  4357 | D:5      | Reached skill level 5 in Armour
  4413 | D:5      | Found a staircase to the Ecumenical Temple.
  4583 | D:5      | Found a shimmering altar of Xom.
  4622 | D:5      | Reached skill level 6 in Fighting
  4886 | D:6      | Found Waxe's Armour Boutique.
  4909 | D:6      | Found Uthyogh's Magic Scroll Shop.
  4928 | D:6      | Bought a scroll of teleportation for 36 gold pieces
  4995 | D:6      | Found Issiz's Distillery.
  5004 | D:6      | Bought a potion of might for 48 gold pieces
  5049 | D:6      | Reached XP level 9. HP: 46/56 MP: 9/9
  5195 | D:6      | Noticed a troll
  5203 | D:6      | Killed a troll
  5312 | D:6      | Found Tozxiug's Antique Armour Boutique.
  5500 | D:6      | Noticed Maggie
  5514 | D:6      | Killed Maggie
  5628 | D:6      | Reached skill level 7 in Fighting
  5750 | D:6      | Found an iron altar of Okawaru.
  6204 | D:7      | Reached **** piety under Trog
  6205 | D:7      | Reached skill level 5 in Dodging
  6993 | D:7      | Reached XP level 10. HP: 63/63 MP: 10/10
  7550 | D:7      | Found a basalt altar of Yredelemnul.
  8081 | D:7      | Found an ornate altar of the Wu Jian Council.
  8186 | D:7      | Reached skill level 8 in Fighting
  8756 | D:8      | Identified the +6 hunting sling "Nucuz" {venom, rPois rC-
                  | rN+ Str+2}
  8969 | D:8      | Reached skill level 10 in Maces & Flails
  9084 | D:8      | Found a burning altar of Makhleb.
  9303 | D:8      | Found a hide-covered altar of Uskayaw.
  9303 | D:8      | Found a stormy altar of Qazlal.
  9310 | D:8      | Found a shimmering blue altar of Sif Muna.
  9312 | D:8      | Found a glowing golden altar of the Shining One.
  9314 | D:8      | Found a shadowy altar of Dithmenos.
  9532 | D:8      | Found a sparkling altar of Nemelex Xobeh.
  9998 | D:9      | Noticed Erica
 10023 | D:9      | Killed Erica
 10097 | D:9      | Reached XP level 11. HP: 69/69 MP: 11/11
 10170 | D:9      | Found a snail-covered altar of Cheibriados.
 10308 | D:9      | Found a staircase to the Lair.
 10873 | D:10     | Entered Level 10 of the Dungeon
 10994 | D:9      | Reached skill level 9 in Fighting
 11205 | D:9      | Reached skill level 1 in Shields
 11503 | D:10     | Found a staircase to the Orcish Mines.
 11621 | D:10     | Reached ***** piety under Trog
 11673 | D:10     | Noticed a two-headed ogre
 11684 | D:10     | Killed a two-headed ogre
 12526 | D:10     | Found a portal to a secret trove of treasure.
 12623 | Lair:1   | Entered Level 1 of the Lair of Beasts
 13189 | Lair:1   | Noticed a five-headed hydra
 13199 | Lair:1   | Killed a five-headed hydra
 13290 | Lair:1   | Noticed a seven-headed hydra
 13301 | Lair:1   | Killed a seven-headed hydra
 13302 | Lair:1   | Reached XP level 12. HP: 51/77 MP: 12/12
 14088 | Lair:2   | Noticed a catoblepas
 14107 | Lair:1   | Killed a catoblepas
 14108 | Lair:1   | Reached skill level 10 in Fighting
 14234 | Lair:2   | Found a staircase to the Shoals.
 14488 | Lair:2   | Noticed Gastronok
 14504 | Lair:2   | Killed Gastronok
 14719 | Lair:2   | Noticed a five-headed hydra
 14719 | Lair:2   | Noticed a death yak
 14719 | Lair:2   | Noticed a death yak
 14719 | Lair:2   | Noticed a death yak
 14720 | Lair:2   | Noticed a death yak
 14761 | Lair:1   | Killed a five-headed hydra
 14762 | Lair:1   | Reached skill level 5 in Shields
 14838 | Lair:2   | Noticed a death yak
 15132 | D:9      | Killed a death yak
 15133 | D:9      | Reached skill level 10 in Armour
 15185 | Lair:1   | Killed a death yak
 15254 | Lair:1   | Killed a death yak
 15392 | Lair:1   | Killed a death yak
 15815 | Lair:2   | Killed a death yak
 16121 | Lair:3   | Received a gift from Trog
 16591 | Lair:3   | Noticed a catoblepas
 16608 | Lair:3   | Killed a catoblepas
 16609 | Lair:3   | Reached XP level 13. HP: 78/84 MP: 13/13
 17115 | Lair:3   | Found a runed translucent door.
 17118 | Lair:3   | Noticed mavignon's ghost (journeyman DDBe)
 17767 | Lair:4   | Reached skill level 11 in Fighting
 19187 | Lair:4   | Reached skill level 12 in Fighting
 20132 | Lair:4   | Found a hole to the Spider Nest.
 20958 | Lair:5   | Reached skill level 13 in Fighting
 21135 | Lair:5   | Found a viscous altar of Jiyva.
 21135 | Lair:5   | Found a staircase to the Slime Pits.
 21542 | Lair:5   | Gained mutation: Your large and strong wings let you fly.
                  | [Gargoyle growth]
 21542 | Lair:5   | Reached XP level 14. HP: 95/95 MP: 14/14
 22225 | Lair:6   | Entered Level 6 of the Lair of Beasts
 22261 | Lair:5   | Reached skill level 14 in Fighting
 22980 | Lair:5   | Reached skill level 10 in Dodging
 23809 | Lair:5   | Reached skill level 15 in Fighting
 24340 | Lair:5   | Received a gift from Trog
 25622 | Lair:6   | Found the +10 morningstar "Eos" {elec, Halo rElec}
 25638 | Lair:6   | Identified the +5 trident "Jafy" {antimagic, rElec rN+
                  | Int+3}
 25686 | Lair:6   | Reached skill level 16 in Fighting
 26434 | D:11     | Reached XP level 15. HP: 103/104 MP: 15/15
 26500 | D:11     | Found Zinoqil's Antique Weapon Shoppe.
 26701 | D:11     | Noticed Grum
 26729 | D:11     | Killed Grum
 27083 | D:11     | Noticed Harold
 27097 | D:11     | Killed Harold
 27097 | D:11     | Received a gift from Trog
 27188 | D:11     | Noticed Maurice
 27193 | D:11     | Killed Maurice
 27584 | D:12     | Noticed Erolcha
 27589 | D:12     | Cast into level 1 of the Abyss (Erolcha)
 27987 | D:12     | Escaped the Abyss
 27991 | D:12     | Killed Erolcha
 28028 | D:12     | Found Ydap Bytsiri's Assorted Antiques.
 28238 | D:12     | Reached XP level 16. HP: 112/112 MP: 16/16
 28455 | D:12     | Found a runed translucent door.
 28456 | D:12     | Noticed OdinelGallardo's ghost (journeyman TrMo)
 29027 | D:13     | Reached skill level 17 in Fighting
 30263 | D:13     | Found a gate to the Vaults.
 30553 | D:14     | Noticed a storm dragon
 30564 | D:14     | Killed a storm dragon
 31239 | D:14     | Found Buled's Antique Weapon Emporium.
 31366 | D:15     | Entered Level 15 of the Dungeon
 31437 | D:15     | Reached skill level 18 in Fighting
 31631 | D:15     | Found a shadowy altar of Dithmenos.
 32236 | D:15     | Found a staircase to the Depths.
 32243 | D:15     | Reached XP level 17. HP: 86/120 MP: 12/17
 32810 | Orc:1    | Entered Level 1 of the Orcish Mines
 32978 | Orc:2    | Entered Level 2 of the Orcish Mines
 33160 | Orc:2    | Found a staircase to the Elven Halls.
 33168 | Orc:2    | Found Nunteeg's Armour Boutique.
 33355 | Orc:2    | Received a gift from Trog
 34120 | Orc:2    | Found Ydiuw's Antique Armour Shoppe.
 34121 | Orc:2    | Found Gaets's Antique Weapon Emporium.
 34123 | Orc:2    | Found Pasebac's General Store.
 34123 | Orc:2    | Found Azeckool's Jewellery Shoppe.
 34506 | Orc:2    | Received a gift from Trog
 34818 | Spider:1 | Entered Level 1 of the Spider Nest
 34856 | Spider:1 | Reached skill level 19 in Fighting
 35790 | Spider:1 | Identified the +0 tower shield of Indomitability {Slay+6}
 35790 | Spider:1 | Noticed Louise
 35805 | Spider:1 | Killed Louise
 36499 | Spider:2 | Identified the +10 morningstar of Ruination {vorpal, rF+
                  | rC+} (Trog gifted it to you on level 2 of the Spider Nest)
 36499 | Spider:2 | Received a gift from Trog
 37638 | Spider:4 | Entered Level 4 of the Spider Nest
 37749 | Spider:3 | Reached skill level 10 in Shields
 39216 | Spider:4 | Reached XP level 18. HP: 119/129 MP: 18/18
 39362 | Spider:4 | Reached ****** piety under Trog
 39492 | Spider:4 | Identified the +8 great mace of Useof {antimagic, Str+4
                  | Dex+2} (Trog gifted it to you on level 4 of the Spider
                  | Nest)
 39492 | Spider:4 | Received a gift from Trog
 39750 | Spider:3 | Reached skill level 20 in Fighting
 40966 | Spider:4 | Got a gossamer rune of Zot
 41378 | Elf:1    | Entered Level 1 of the Elven Halls
 41524 | Elf:1    | Cast into level 2 of the Abyss (a deep elf demonologist)
 41654 | Abyss:2  | Noticed a lich
 41659 | Abyss:2  | Killed a lich
 41723 | Elf:1    | Escaped the Abyss
 41733 | Elf:1    | Received a gift from Trog
 41858 | Orc:2    | Bought the ring of Xirelal {Fly rPois Will+} for 480 gold
                  | pieces
 42049 | Elf:1    | Found a radiant altar of Vehumet.
 42131 | Elf:1    | Found Miasom's Jewellery Shoppe.
 42159 | Elf:1    | Bought the amulet "Tynuddih" {RegenMP -Tele rPois Will+++
                  | Int-4} for 576 gold pieces
 42636 | Elf:1    | Identified the +3 scale mail of the Wasteland {rElec rF+
                  | Will+}
 42655 | Elf:1    | Noticed an Ice Fiend
 42663 | Elf:1    | HP: 4/131 [green death/poison arrow[a deep elf
                  | demonologist] (8)]
 42663 | Elf:1    | Killed from afar by a green death

Illustrated notes

Levels and vault maps discovered:
D:1:      minmay_arrival_jagged, layout_loops_ring,
          minmay_misc_feat_more_columns
D:2:      minmay_roachtagon, layout_basic
D:3:      layout_loops_ring, tgw_kikubaaqudgha,
          hellmonk_ecumenical_altar_crossroads, uniq_sigmund, uniq_natasha,
          uniq_purgy
D:4:      layout_cave_pools, abandoned_shop, saegor_snake_ambush
D:5:      layout_cave_pools, xom_confusion_cloud,
          minmay_temple_entry_statues_fountains
D:6:      layout_basic, kennysheep_okawaru_gauntlet, serial_shops,
          nicolae_square_shop, nicolae_inconvenience_store, shop, shop,
          chequers_serial_rivers_room_b, corexii_shack, uniq_maggie
D:7:      layout_basic, lemuel_mausoleum_altar_yredelemnul,
          mainiacjoe_overflow_alcove_4
D:8:      layout_basic, chequers_temple_overflow_minitemple,
          general_overflow_altar, bloody_makhleb, minivault_14
D:9:      layout_rooms, lemuel_tele_altar, grunt_lair_entry_orc_guard_hut,
          kennysheep_generic_room_10, uniq_erica
D:10:     layout_cave_pools, zombieorc2_lemuel,
          nicolae_trove_entry_path_of_doom, enter_bailey_3
D:11:     layout_stronghold, serial_shops, nicolae_shop_overgrown_old_shop,
          uniq_grum, uniq_harold, uniq_maurice
D:12:     layout_irregular_city, serial_shops, nicolae_square_shop,
          ebering_ghost_reflecting_pool, uniq_erolcha
D:13:     layout_gridville, grunt_vaults_entry_fortified,
          minmay_unpleasant_kobolds
D:14:     layout_cave_pods, serial_shops, shop,
          hangedman_abyss_or_decor_stagger, kennysheep_just_a_vault
D:15:     grunt_enter_depths_snipers, layout_cave_pods,
          grunt_dithmenos_smoke_and_mirrors
Lair:1:   layout_misc_corridors, infiniplex_staircase_pool_2
Lair:2:   layout_cave_shapes, elwin_shoals_entry_rocks, grunt_megastairs_3,
          uniq_gastronok
Lair:3:   layout_regular_city, ebering_ghost_inner_flame,
          nicolae_lair_grove_arrangements, grunt_megastairs_5
Lair:4:   layout_cave_pods, spider_nest_entry_funnel_web,
          minmay_lair_oklob_chamber
Lair:5:   layout_cave_pods, slime_altar_1, grunt_megastairs_2
Lair:6:   gammafunk_lair_ancient_temple, layout_hall_layers,
          minmay_lair_drake_nest
Spider:1: layout_spider_delve, nicolae_spider_circle_web, uniq_louise
Spider:2: layout_spider_delve
Spider:3: layout_spider_delve, hangedman_spider_mandibles
Spider:4: guppyfry_spider_rune
Orc:1:    layout_diamond_mine, basic_altar
Orc:2:    st_orc_congregation, layout_diamond_mine, serial_shops, shop,
          nicolae_orc_flooded_monolith
Elf:1:    eino_elf_arrival_shootout, layout_loops_corners, basic_altar,
          serial_shops, nicolae_shop_window_shopping, orc_legates, wad_dig_loot,
          lemuel_upstairs_altar

Skill      XL: |  1  2  3  4  5  6  7  8  9 10 11 12 13 14 15 16 17 18 |
---------------+-------------------------------------------------------+-----
Dodging        | 2 3 4 5 6 7 8 9 10 11 12 13 | 13.2
Fighting       | 4 5 6 7 8 9 10 13 16 18 19 20 | 20.5
Maces & Flails | 4 5 6 7 9 10 12 13 14 | 14.4
Armour         | 3 4 5 7 8 9 10 11 12 | 12.4
Shields        | 4 6 8 10 11 | 11.2

Action                   |  1- 3 |  4- 6 |  7- 9 | 10-12 | 13-15 | 16-18 || total
-------------------------+-------+-------+-------+-------+-------+-------++-------
Melee: Mace              |   135 |    58 |    94 |       |       |       ||   287
       Flail             |       |       |   253 |   918 |   802 |       ||  1973
       Dire flail        |       |       |       |    44 |       |       ||    44
       Morningstar       |       |       |       |       |   239 |  1265 ||  1504
 Fire: Hunting sling     |       |       |       |    10 |       |       ||    10
Invok: Berserk           |     1 |     5 |     7 |    26 |    30 |    21 ||    90
       Trog's Hand       |       |     1 |     1 |     6 |     2 |    17 ||    27
       Brothers in Arms  |       |       |       |       |       |     1 ||     1
Evoke: Wand              |       |       |       |     5 |       |       ||     5
  Use: Scroll            |       |       |    10 |    12 |     9 |     4 ||    35
       Potion            |       |       |       |       |     1 |     3 ||     4
 Stab: Distracted        |       |       |       |       |       |     1 ||     1
Armor: Animal skin       |     8 |       |       |       |       |       ||     8
       Ring mail         |    53 |       |       |       |       |       ||    53
       Scale mail        |     2 |    41 |   198 |   125 |       |       ||   366
       Plate armour      |       |       |       |   469 |   529 |   993 ||  1991
Dodge: Dodged            |    95 |    31 |   203 |   352 |   365 |   606 ||  1652
Block: Kite shield       |       |       |       |   262 |   615 |   494 ||  1371
       Tower shield      |       |       |       |       |       |   877 ||   877
